 Dungeon Crawl Stone Soup version 0.19.0-2-gae57169 (webtiles) character file.

317503 Quirk the Warrior (level 21, -5/140 HPs)
             Began as a Gargoyle Fighter on Nov 4, 2016.
             Was the Champion of Okawaru.
             Splashed by a caustic shrike's acid (8 damage)
             ... on level 2 of the Depths on Nov 5, 2016.
             The game lasted 03:17:10 (70551 turns).

Quirk the Warrior (Gargoyle Fighter)               Turns: 70551, Time: 03:17:10

Health: -5/140     AC: 13    Str: 32    XL:     21   Next: 43%
Magic:  34/34      EV: 17    Int: 18    God:    Okawaru [******]
Gold:   2488       SH: 22    Dex: 14    Spells: 7 memorised, 27 levels left

rFire  + . .     SeeInvis +     n - +8 flail of the Moon {drain, Int+3}
rCold  + . .     Gourm    .     P - +1 ring mail of Inaotat {MR+ Str+6 SInv}
rNeg   + . .     Faith    .     c - +0 large shield
rPois  ∞         Spirit   .     r - +2 hat
rElec  +         Reflect  .     S - +0 cloak of the Lotus Blossom {rF+ Int+4}
rCorr  .         Harm     .     a - +0 pair of fencer's gloves {+Riposte Dex+3}
MR     +++..                    G - +2 pair of boots {Fly}
Stlth  +++.......               M - amulet of regeneration
                                J - ring of protection from cold
                                K - ring of protection from magic

@: about to teleport, corroded, flying, studying Unarmed Combat
A: big wings, negative energy resistance 1, electricity resistance, unbreathing,
petrification resistance, rot immunity, AC +15
a: Stop Flying, Heroism, Finesse, Renounce Religion
}: 2/15 runes: decaying, gossamer


You were on level 2 of the Depths.
You worshipped Okawaru.
Okawaru was exalted by your worship.
You were not hungry.

You visited 8 branches of the dungeon, and saw 36 of its levels.

You collected 3689 gold pieces.
You spent 1201 gold pieces at shops.

Inventory:

Hand Weapons
 n - the +8 flail of the Moon (weapon) {drain, Int+3}
   (Okawaru gifted it to you on level 14 of the Dungeon)

   A truly terrible weapon, it drains the life of those it strikes.
   It affects your intelligence (+3).
 t - the +6 dagger of Triumph {protect, *Noise rC- rN+++ Str+3}
   (Okawaru gifted it to you on level 4 of the Spider Nest)

   It protects the one who uses it against injury (+AC on strike).
   It affects your strength (+3).
   It makes you vulnerable to cold.
   It renders you almost immune to negative energy.
   It may make noises in combat.
 X - the +9 dagger "Plojy" {elec, rF- Int+4 Dex+4 Stlth+}
   (You found it on level 6 of the Lair of Beasts)

   Occasionally, upon striking a foe, it will discharge some electrical energy
   and cause terrible harm.
   It affects your intelligence (+4).
   It affects your dexterity (+4).
   It makes you vulnerable to fire.
   It makes you more stealthy.
Missiles
 m - 5 exploding tomahawks (quivered)
 U - 15 javelins of penetration
Armour
 a - the +0 pair of fencer's gloves (worn) {+Riposte Dex+3}
   (Okawaru gifted it to you on level 3 of the Spider Nest)

   It affects your dexterity (+3).
 c - a +0 large shield (worn)
 h - +0 fire dragon scales
 r - a +2 hat (worn)
 B - a +4 plate armour of cold resistance
 D - the +5 ring mail "Nymao" {Dex+4}
   (You bought it in a shop on level 10 of the Dungeon)

   It affects your dexterity (+4).
 G - a +2 pair of boots of flying (worn)
 P - the +1 ring mail of Inaotat (worn) {MR+ Str+6 SInv}
   (Okawaru gifted it to you on level 2 of the Swamp)

   It affects your strength (+6).
   It affects your resistance to hostile enchantments.
   It lets you see invisible.
 S - the +0 cloak of the Lotus Blossom (worn) {rF+ Int+4}
   (Okawaru gifted it to you on level 4 of the Swamp)

   It affects your intelligence (+4).
   It protects you from fire.
Rods
 Z - a +6 iron rod (15/15)
   (You found it on level 12 of the Dungeon)
Jewellery
 k - the ring of Shadows {Umbra +Inv Stlth+}
   (You bought it in a shop on level 2 of the Orcish Mines)

   [ring of stealth]

   It lets you turn invisible.
   It makes you more stealthy.
 A - an uncursed ring of fire
 H - an uncursed amulet of guardian spirit
 J - a ring of protection from cold (right hand)
 K - a ring of protection from magic (left hand)
 M - an amulet of regeneration (around neck)
 R - an uncursed amulet of the gourmand
 V - an uncursed ring of ice
Wands
 d - a wand of iceblast (7/15)
 j - a wand of teleportation (8/9)
 u - a wand of lightning (4/15)
 F - a wand of disintegration (10/24)
 O - a wand of digging (11/24)
Scrolls
 e - 17 scrolls of remove curse
 p - 4 scrolls of identify
 v - 2 scrolls of teleportation
 x - 8 scrolls of magic mapping
 y - 6 scrolls of fear
 L - a scroll of blinking
 Y - 6 scrolls of fog
Potions
 b - 2 potions of invisibility
 g - 10 potions of curing
 i - 6 potions of resistance
 o - 6 potions of ambrosia
 w - 4 potions of haste
 C - 7 potions of agility
 I - 2 potions of might
 N - a potion of magic
 Q - 2 potions of cancellation
 T - 4 potions of heal wounds
Books
 l - a book of Misfortune

   Spells                             Type                      Level
   a - Confusing Touch                Hexes                        1
   b - Confuse                        Hexes                        3
   c - Gell's Gravitas                Hexes/Translocation          3
   d - Petrify                        Transmutation/Earth          4
   e - Metabolic Englaciation         Hexes/Ice                    5
   f - Yara's Violent Unravelling     Hexes/Transmutation          5
 q - a manual of Unarmed Combat
Comestibles
 f - 17 bread rations
 s - 5 meat rations
 z - 23 beef jerkies
 E - 22 fruits


   Skills:
 + Level 17.9 Fighting
 + Level 9.0 Short Blades
 + Level 16.6 Maces & Flails
 + Level 14.4 Armour
 + Level 11.6 Dodging
 - Level 9.2 Stealth
 + Level 14.6 Shields
 + Level 8.8 Unarmed Combat
 + Level 9.6 Spellcasting
 - Level 1.5 Invocations
 + Level 9.3 Evocations


You had 27 spell levels left.
You knew the following spells:

 Your Spells              Type           Power        Failure   Level  Hunger
a - Magic Dart            Conj           #...         47%         1    None
b - Call Imp              Summ           #.......     73%         2    None
c - Blink                 Tloc           N/A          73%         2    None
d - Slow                  Hex            #.......     73%         2    None
e - Summon Small Mammal   Summ           #...         47%         1    None
f - Teleport Other        Tloc           #.......     96%         3    None
g - Animate Skeleton      Necr           N/A          47%         1    None


Dungeon Overview and Level Annotations

Branches:
Dungeon (15/15)            Temple (1/1) D:4            Lair (6/6) D:8
  Swamp (4/4) Lair:3       Spider (4/4) Lair:2        Slime (0/5) Lair:6
    Orc (2/2) D:9             Elf (1/3) Orc:2        Vaults (0/5) D:13
 Depths (3/5) D:15

Altars:
Ashenzari
Cheibriados
Dithmenos
Elyvilon
Fedhas
Gozag
Hepliaklqana
Kikubaaqudgha
Makhleb
Nemelex Xobeh
Okawaru
Qazlal
Ru
Sif Muna
Trog
Uskayaw
Vehumet
Xom
Yredelemnul
Zin
The Shining One
Jiyva

Shops:
D:7 (   D:10 [   Orc:2 [(=*

Portals:
Hell: Depths:1 Depths:2
Pandemonium: Depths:2

Annotations:
D:14 exclusion: Roxanne, Roxanne
Lair:1 exclusion: oklob plant
Lair:6 1 runed door
Orc:2 DrakieV's ghost, journeyman MiBe


Innate Abilities, Weirdness & Mutations

You are resistant to torment.
Your stone body is resilient. (AC +15)
You are immune to poison.
Your large and strong wings let you fly indefinitely.
You resist negative energy. (rN+)
You are resistant to electric shocks. (rElec)
You can survive without breathing.
You are immune to petrification.
You are immune to rotting.


Message History

You are splashed with acid!
The acid burns!
* * * LOW HITPOINT WARNING * * *
Unknown command.
Okay, then.
You feel better.
You block the caustic shrike's attack. x2
As you read the scroll of teleportation, it crumbles to dust.
You feel strangely unstable. You block the caustic shrike's attack.
The caustic shrike barely misses you.
You riposte.
You thump the caustic shrike! You drain the caustic shrike!
The caustic shrike is lightly wounded.
The caustic shrike claws you.
* * * LOW HITPOINT WARNING * * *
The acid corrodes you!
You are splashed with acid!
The acid burns!
* * * LOW HITPOINT WARNING * * *
You block the caustic shrike's attack.
Unknown command.
The caustic shrike claws you!
* * * LOW HITPOINT WARNING * * *
The acid corrodes you!
You are splashed with acid!
The acid burns!
You die...

.##...#.##.....#...##)#...##..#
..#...#..##.(.#}..##..#[..#.).#
...#..#...#...#...#)..#..#..>.###
....##.######.#.######.##.....##.
...(..#...#.##.##.#...#...>).)##.
....#(#...#..###..#...#.#.(..)##.
#.....(#..#..(#...#..#....∩###.#.
#.......##.#######.##.>.###...###
#.........#...#.@.#....#[.[(.#...
####....#.#...#..b#.#.#.....#....
#.......#..#..#.)..#..†..#....
##.....(.#####.[>.∩#..÷(.#....
##......((###..?..#.......#...
##..........#..>..(..(###.(.###
##.##..............⌠#|#.(.#.[)..
#..##....###########.#.....#.<.>
##....##.........######.....#))^[


You could see a caustic shrike.

Vanquished Creatures
  2 juggernauts
  3 caustic shrikes (Depths:3)
  A golden dragon (Depths:2)
  Arachne (Spider:1)
  Jorgrun (Swamp:2)
  2 tentacled monstrosities (Depths:2)
  2 thorn hunters (Swamp:3)
  A sphinx (Depths:2)
  3 tengu reavers
  A storm dragon (Depths:2)
  A draconian knight (Depths:2)
  7 fire giants
  An iron dragon (Depths:2)
  3 frost giants
  An orc warlord (Orc:1)
  5 emperor scorpions
  8 ghost moths
  The ghost of baghtru the Severer, a journeyman HOFi of the Shining One (Lair:6)
  4 very ugly things
  A spriggan defender (Depths:2)
  5 stone giants
  2 vampire knights (Depths:2)
  6 entropy weavers
  The ghost of Damerell the Spear-Bearer, a journeyman CeGl of Qazlal (Lair:6)
  A deep elf demonologist (Depths:2)
  A deep elf annihilator (Depths:2)
  2 merfolk javelineers (Depths:1)
  3 ettins
  8 spark wasps
  4 fire dragons
  3 deep elf high priests
  The ghost of letownia the Grappler, a journeyman TrWz of Okawaru (Lair:1)
  A jiangshi (Depths:2)
  3 merfolk impalers (Depths:1)
  5 rakshasas
  18 hydras
  3 yaktaur captains (Depths:2)
  6 ice dragons
  3 great orbs of eyes
  A catoblepas (D:13)
  A spriggan air mage (Depths:2)
  A catoblepas (shapeshifter) (Depths:2)
  5 ghost crabs
  12 centaur warriors
  4 ogre magi
  An anaconda (shapeshifter) (Depths:2)
  8 alligators
  A titan zombie (Depths:1)
  4 deep troll shamans
  3 deep troll earth magi
  2 hell hogs (Depths:1)
  A tengu warrior (Depths:2)
  2 hell knights (Depths:1)
  A spriggan berserker (Depths:2)
  An orc high priest (Orc:2)
  A deep elf knight (D:13)
  2 iron trolls (Depths:3)
  9 deep trolls
  3 glowing orange brains
  3 skeletal warriors (D:14)
  4 flayed ghosts (Depths:2)
  2 spark wasp zombies
  2 unseen horrors (D:12)
  10 swamp dragons
  2 shambling mangroves
  2 wizards
  A spriggan druid (Swamp:4)
  A wolf spider zombie (D:15)
  5 orc knights
  5 necromancers
  3 hill giants
  6 orc sorcerers
  7 deep elf magi
  43 wolf spiders
  2 mana vipers (shapeshifter)
  5 cyclopes
  20 orb spiders
  30 ugly things
  A harpy (shapeshifter) (Depths:1)
  An iron dragon zombie (Depths:1)
  A stone giant zombie (Depths:1)
  A faun (shapeshifter) (D:13)
  4 centaur zombies
  A frost giant skeleton (Depths:1)
  6 manticores
  3 black mambas
  2 moths of wrath
  5 gargoyles
  A black mamba (shapeshifter) (Depths:2)
  12 elephants
  A molten gargoyle (D:15)
  4 torpor snails
  2 kobold demonologists
  16 spiny frogs
  8 rime drakes
  A yaktaur zombie (Depths:1)
  11 yaktaurs
  10 komodo dragons
  3 efreet
  19 demonic crawlers
  47 jumping spiders
  2 tyrant leeches
  9 polar bears
  A tengu conjurer (D:15)
  A troll (shapeshifter) (Depths:2)
  3 trolls
  8 two-headed ogres
  Grinder (D:5)
  2 hornets (shapeshifter)
  A two-headed ogre (shapeshifter) (Depths:2)
  11 blink frogs
  28 hornets
  37 slime creatures
  15 bog bodies
  4 raiju (Lair:6)
  10 hippogriffs
  A raiju (shapeshifter) (Depths:3)
  7 dream sheep (Lair:4)
  A deep troll zombie (Depths:1)
  A shadow (D:14)
  76 redbacks
  15 spriggans
  A tarantella (shapeshifter) (D:13)
  A vampire (D:11)
  4 water elementals
  Eustachio (D:4)
  27 tarantellas
  3 wyverns
  A hog (shapeshifter) (Depths:2)
  4 wraiths
  A basilisk (shapeshifter) (Depths:2)
  40 yaks
  A fire bat (shapeshifter) (D:15)
  7 basilisks
  9 hungry ghosts
  2 fire elementals (D:15)
  21 vampire mosquitoes
  A steam dragon (shapeshifter) (D:13)
  A human (D:9)
  11 wargs
  2 steam dragons (Lair:6)
  20 swamp worms
  4 mottled dragons
  A soldier ant (shapeshifter) (Depths:1)
  A soldier ant (D:14)
  20 water moccasins
  Edmund (D:3)
  15 insubstantial wisps
  13 hell hounds
  11 porcupines
  An ice dragon simulacrum (Depths:1)
  30 orc warriors
  A sky beast (D:11)
  7 swamp drakes
  14 black bears
  4 phantoms
  3 ice beasts
  An ettin simulacrum (Depths:1)
  2 necrophages
  22 ogres
  2 boggarts
  20 wolves
  11 centaurs
  21 crocodiles
  A crocodile (shapeshifter) (Depths:2)
  3 big kobolds
  27 bullfrogs
  A wyvern zombie (D:7)
  A gnoll sergeant (Orc:1)
  3 scorpions
  6 killer bees
  4 howler monkeys
  19 wights
  An electric eel (Lair:1)
  A howler monkey (shapeshifter) (Depths:3)
  5 crimson imps
  A bullfrog zombie (D:11)
  A lava snake (D:15)
  23 orc wizards
  3 bullfrog skeletons
  23 hounds
  2 jellies
  2 quasits
  27 orc priests
  7 centaur skeletons
  A gnoll shaman (D:8)
  Terence (D:3)
  9 iguanas
  Natasha (thrice) (D:3)
  A hell rat (D:5)
  13 worker ants
  A hound zombie (D:6)
  A hound skeleton (D:10)
  A howler monkey skeleton (D:5)
  2 worker ant zombies
  17 gnolls
  9 adders
  5 river rats (D:5)
  3 shadow imps
  An adder zombie (D:7)
  4 adder skeletons
  18 worms
  3 dart slugs
  4 leopard geckos
  99 orcs
  3 bats (D:3)
  3 giant cockroaches
  6 goblins
  6 hobgoblins
  17 jackals
  5 quokkas
  3 ball pythons
  2 frilled lizards (D:5)
  A jackal zombie (D:7)
  16 kobolds
  A leopard gecko skeleton (D:5)
  2 leopard gecko zombies
  27 rats
  A plant (Lair:6)
1548 creatures vanquished.

Vanquished Creatures (others)
  A ghost moth (Spider:1)
  A redback (Spider:4)
  A tarantella (Spider:1)
  A shadow (D:14)
  An insubstantial wisp (Swamp:3)
  An ogre (D:15)
  2 orcs
  43 fungi
  118 plants
169 creatures vanquished.

Grand Total: 1717 creatures vanquished

Notes
Turn   | Place    | Note
-------+----------+-------------------------------------------
     0 | D:1      | Quirk the Gargoyle Fighter began the quest for the Orb.
     0 | D:1      | Reached XP level 1. HP: 14/14 MP: 1/1
   298 | D:1      | Reached XP level 2. HP: 19/19 MP: 2/2
   320 | D:1      | Found a shattered altar of Ashenzari.
   804 | D:2      | Found a shadowy altar of Dithmenos.
   977 | D:2      | Reached XP level 3. HP: 19/23 MP: 3/3
  1128 | D:2      | Reached skill level 1 in Dodging
  1623 | D:2      | Reached XP level 4. HP: 29/29 MP: 4/4
  1967 | D:3      | Noticed Terence
  1971 | D:3      | Killed Terence
  1993 | D:3      | Reached skill level 4 in Fighting
  2087 | D:3      | Found a snail-covered altar of Cheibriados.
  2123 | D:3      | Reached XP level 5. HP: 33/33 MP: 5/5
  2236 | D:3      | Noticed Natasha
  2243 | D:3      | Killed Natasha
  2637 | D:3      | Noticed Natasha
  2655 | D:3      | Killed Natasha
  2684 | D:3      | Noticed Natasha
  2689 | D:3      | Killed Natasha
  2689 | D:3      | Reached XP level 6. HP: 25/39 MP: 6/6
  2923 | D:4      | Noticed a phantom
  2994 | D:3      | Killed a phantom
  2994 | D:3      | Reached skill level 5 in Fighting
  2994 | D:3      | Reached skill level 1 in Stealth
  3239 | D:4      | Reached XP level 7. HP: 27/44 MP: 7/7
  3766 | D:4      | Found a staircase to the Ecumenical Temple.
  3774 | Temple   | Entered the Ecumenical Temple
  3949 | Temple   | Became a worshipper of Warmaster Okawaru
  4167 | D:4      | Noticed Eustachio
  4167 | D:4      | Noticed Edmund
  4331 | D:3      | Killed Edmund
  4357 | D:4      | Killed Eustachio
  4357 | D:4      | Reached * piety under Okawaru
  4357 | D:4      | Reached skill level 5 in Shields
  4357 | D:4      | Reached XP level 8. HP: 45/51 MP: 8/8
  4409 | D:4      | Reached skill level 5 in Armour
  4545 | D:5      | Entered Level 5 of the Dungeon
  4592 | D:5      | Reached skill level 6 in Fighting
  4903 | D:5      | Noticed Grinder
  4921 | D:5      | Killed Grinder
  4921 | D:5      | Reached skill level 5 in Maces & Flails
  5512 | D:5      | Reached ** piety under Okawaru
  5512 | D:5      | Reached XP level 9. HP: 56/56 MP: 9/9
  5707 | D:5      | Reached skill level 7 in Fighting
  6941 | D:7      | Found Xicwor's Weapon Boutique.
  7023 | D:7      | Reached skill level 5 in Stealth
  7500 | D:8      | Reached skill level 8 in Fighting
  7511 | D:8      | Reached *** piety under Okawaru
  7733 | D:8      | You fall through a shaft for 2 floors!
  7733 | D:10     | Entered Level 10 of the Dungeon
  7905 | D:9      | Reached XP level 10. HP: 53/64 MP: 10/10
  8329 | D:8      | Found a staircase to the Lair.
  8329 | D:8      | Noticed an elephant
  8352 | D:8      | Killed an elephant
  8691 | D:8      | Learned a level 1 spell: Magic Dart
  8694 | D:8      | Learned a level 2 spell: Call Imp
  8697 | D:8      | Learned a level 2 spell: Blink
  8700 | D:8      | Learned a level 2 spell: Slow
  9012 | D:8      | Reached **** piety under Okawaru
  9029 | Lair:1   | Entered Level 1 of the Lair of Beasts
  9033 | Lair:1   | Noticed letownia's ghost (journeyman TrWz)
  9268 | Lair:1   | Killed letownia's ghost
  9268 | Lair:1   | Reached skill level 9 in Fighting
  9574 | Lair:1   | Reached ***** piety under Okawaru
  9912 | Lair:1   | Reached skill level 5 in Dodging
 10021 | Lair:1   | Reached XP level 11. HP: 63/71 MP: 11/11
 10079 | Lair:1   | Noticed an oklob plant
 10160 | Lair:1   | Noticed a four-headed hydra
 10302 | Lair:1   | Killed a four-headed hydra
 10302 | Lair:1   | Received a gift from Okawaru
 10302 | Lair:1   | Reached skill level 10 in Fighting
 11168 | Lair:2   | Found a hole to the Spider Nest.
 11669 | Lair:2   | Found a shadowy altar of Dithmenos.
 12252 | Lair:3   | Found a staircase to the Swamp.
 12865 | Lair:3   | Noticed a lindwurm
 12875 | Lair:3   | Noticed a lindwurm
 12875 | Lair:3   | Noticed a lindwurm
 12888 | Lair:3   | Noticed a lindwurm
 13034 | Lair:4   | Reached XP level 12. HP: 64/79 MP: 12/12
 13190 | Lair:4   | Reached skill level 11 in Fighting
 13203 | Lair:4   | Received a gift from Okawaru
 13636 | Lair:3   | Reached skill level 10 in Maces & Flails
 14008 | Lair:4   | Reached ****** piety under Okawaru
 14495 | Lair:4   | Received a gift from Okawaru
 14605 | Lair:4   | Got a polished chain mail
 14835 | Lair:4   | Identified the +2 chain mail of the Morning Star {Int+2} (You found it on level 4 of the Lair of Beasts)
 15609 | Lair:5   | Reached skill level 12 in Fighting
 15637 | Lair:5   | Reached XP level 13. HP: 75/86 MP: 13/13
 16310 | Lair:5   | Received a gift from Okawaru
 16311 | Lair:5   | Got a jewelled shortbow {god gift}
 16312 | Lair:5   | Identified the +4 shortbow "Killer Bee's Doom" {flame, rN+ Str+2} (Okawaru gifted it to you on level 5 of the Lair of Beasts)
 17219 | Lair:6   | Entered Level 6 of the Lair of Beasts
 18080 | Lair:1   | Learned a level 1 spell: Summon Small Mammal
 18084 | Lair:1   | Learned a level 3 spell: Teleport Other
 18086 | Lair:1   | Learned a level 1 spell: Animate Skeleton
 18533 | Lair:6   | Noticed Damerell's ghost (journeyman CeGl)
 19083 | Lair:6   | Received a gift from Okawaru
 19292 | Lair:6   | Found a runed door.
 19292 | Lair:6   | Found a viscous altar of Jiyva.
 20505 | D:9      | Received a gift from Okawaru
 20976 | D:9      | Found a staircase to the Orcish Mines.
 21035 | D:10     | Reached skill level 13 in Fighting
 21396 | D:10     | Found Ulegant's Antique Armour Shop.
 21405 | D:10     | Bought a translucent ring mail for 351 gold pieces
 21423 | D:10     | Identified the +5 ring mail "Nymao" {Dex+4} (You bought it in a shop on level 10 of the Dungeon)
 21423 | D:10     | Bought a pair of runed boots for 409 gold pieces
 22023 | Lair:6   | Found a staircase to the Slime Pits.
 22358 | Lair:6   | Noticed baghtru's ghost (journeyman HOFi)
 22924 | Lair:5   | Reached skill level 10 in Shields
 23407 | Lair:6   | Killed baghtru's ghost
 23407 | Lair:6   | Gained mutation: Your large and strong wings let you fly indefinitely. [Gargoyle growth]
 23407 | Lair:6   | Reached XP level 14. HP: 94/94 MP: 14/14
 24875 | Lair:6   | Received a gift from Okawaru
 25086 | Lair:6   | Reached skill level 10 in Armour
 25249 | Lair:6   | Got a smoking dagger
 25251 | Lair:6   | Identified the +9 dagger "Plojy" {elec, rF- Int+4 Dex+4 Stlth+} (You found it on level 6 of the Lair of Beasts)
 25669 | Orc:1    | Entered Level 1 of the Orcish Mines
 26986 | Orc:2    | Entered Level 2 of the Orcish Mines
 26986 | Orc:2    | Found Suge's General Store.
 26986 | Orc:2    | Noticed an orc warlord
 27810 | Orc:1    | Reached skill level 1 in Invocations
 28000 | Orc:2    | Found a staircase to the Elven Halls.
 28033 | Elf:1    | Entered Level 1 of the Elven Halls
 28070 | Orc:2    | Found Gutux's Antique Armour Shoppe.
 28659 | Orc:2    | Found Iphoskem's Antique Weapon Boutique.
 28670 | Orc:2    | Reached skill level 14 in Fighting
 29131 | Orc:1    | Killed an orc warlord
 29131 | Orc:1    | Reached skill level 1 in Spellcasting
 29218 | Orc:2    | Noticed DrakieV's ghost (journeyman MiBe)
 29232 | Orc:2    | Found Kickoa's Jewellery Shoppe.
 29766 | Orc:2    | Bought the ring of Shadows {Umbra +Inv Stlth+} for 441 gold pieces
 30484 | Orc:2    | Reached skill level 1 in Evocations
 31145 | D:11     | Reached skill level 1 in Short Blades
 32824 | D:12     | Reached XP level 15. HP: 101/101 MP: 17/17
 33887 | D:12     | Received a gift from Okawaru
 34627 | D:13     | Found a gate to the Vaults.
 35453 | D:14     | Noticed Roxanne
 36321 | D:15     | Entered Level 15 of the Dungeon
 37314 | D:15     | Received a gift from Okawaru
 37442 | D:15     | Found a snail-covered altar of Cheibriados.
 38522 | D:14     | Reached skill level 15 in Fighting
 38859 | D:14     | Received a gift from Okawaru
 38890 | D:14     | Got a scorched flail {god gift}
 38919 | D:14     | Identified the +8 flail of the Moon {drain, Int+3} (Okawaru gifted it to you on level 14 of the Dungeon)
 39047 | D:14     | Reached XP level 16. HP: 102/108 MP: 21/21
 39268 | D:15     | Found a staircase to the Depths.
 40466 | Lair:6   | Killed Damerell's ghost
 40466 | Lair:6   | Received a gift from Okawaru
 41560 | Swamp:1  | Entered Level 1 of the Swamp
 42124 | Swamp:1  | Got a polished ring mail
 42132 | Swamp:1  | Identified the +5 ring mail "Royp" {rF+ rN+ Dex-4} (You found it on level 1 of the Swamp)
 43008 | Swamp:2  | Noticed Jorgrun
 43241 | Swamp:2  | Killed Jorgrun
 43597 | Swamp:2  | Received a gift from Okawaru
 43598 | Swamp:2  | Got a jacinth-encrusted ring mail {god gift}
 43642 | Swamp:2  | Identified the +1 ring mail of Inaotat {MR+ Str+6 SInv} (Okawaru gifted it to you on level 2 of the Swamp)
 44865 | Swamp:4  | Entered Level 4 of the Swamp
 45339 | Swamp:3  | Reached skill level 5 in Spellcasting
 45702 | Swamp:4  | Noticed a thorn hunter
 45849 | Swamp:3  | Reached XP level 17. HP: 44/115 MP: 24/24
 46764 | Swamp:3  | Reached skill level 16 in Fighting
 46764 | Swamp:3  | Reached skill level 5 in Evocations
 47399 | Swamp:4  | Received a gift from Okawaru
 47518 | Swamp:4  | Got a steaming cloak {god gift}
 47530 | Swamp:3  | Identified the +0 cloak of the Lotus Blossom {rF+ Int+4} (Okawaru gifted it to you on level 4 of the Swamp)
 49516 | Swamp:3  | Reached skill level 5 in Short Blades
 49742 | Swamp:4  | Got a decaying rune of Zot
 50007 | Swamp:3  | Reached skill level 15 in Maces & Flails
 50495 | Spider:1 | Entered Level 1 of the Spider Nest
 51737 | Spider:1 | Received a gift from Okawaru
 51738 | Spider:1 | Got a distressingly furry plate armour {god gift}
 51868 | Spider:1 | Identified the +1 plate armour "Ujefunyps" {+Blink rF+} (Okawaru gifted it to you on level 1 of the Spider Nest)
 52983 | Spider:2 | Noticed Arachne
 53028 | Spider:1 | Killed Arachne
 53028 | Spider:1 | Reached XP level 18. HP: 97/122 MP: 24/27
 53590 | Spider:2 | Reached skill level 10 in Dodging
 55127 | Spider:3 | Received a gift from Okawaru
 55910 | Spider:3 | Got a transparent great sword
 55912 | Spider:3 | Identified the +7 great sword "Xowidas" {slice, Str+7} (You found it on level 3 of the Spider Nest)
 56449 | Spider:4 | Entered Level 4 of the Spider Nest
 59018 | Spider:4 | Received a gift from Okawaru
 59018 | Spider:4 | Reached XP level 19. HP: 101/127 MP: 0/30
 59066 | Spider:4 | Got a brightly glowing dagger {god gift}
 59067 | Spider:4 | Identified the +6 dagger of Triumph {protect, *Noise rC- rN+++ Str+3} (Okawaru gifted it to you on level 4 of the Spider Nest)
 59454 | Spider:4 | Reached skill level 17 in Fighting
 59626 | Spider:4 | Got a gossamer rune of Zot
 60057 | Spider:4 | Reached skill level 1 in Unarmed Combat
 60631 | Depths:1 | Entered Level 1 of the Depths
 61156 | Depths:1 | Received a gift from Okawaru
 62124 | Depths:1 | Found a gateway to Hell.
 63138 | Depths:2 | Found a one-way gate leading to the halls of Pandemonium.
 63507 | Depths:2 | Received a gift from Okawaru
 63882 | Depths:2 | Reached skill level 5 in Unarmed Combat
 64166 | Depths:2 | Reached XP level 20. HP: 134/134 MP: 32/32
 64888 | Depths:2 | Noticed a juggernaut
 64915 | Depths:2 | Killed a juggernaut
 65033 | Depths:2 | Received a gift from Okawaru
 65257 | Depths:2 | Noticed a juggernaut
 65304 | Depths:1 | Killed a juggernaut
 66073 | Depths:2 | Received a gift from Okawaru
 67669 | Depths:2 | Noticed an iron giant
 67671 | Depths:2 | an iron giant changed into an iron troll
 67938 | Depths:2 | Reached XP level 21. HP: 112/140 MP: 28/34
 69312 | Depths:3 | Noticed a caustic shrike
 69326 | Depths:3 | Noticed a caustic shrike
 69329 | Depths:3 | Noticed a caustic shrike
 69332 | Depths:3 | Killed a caustic shrike
 69336 | Depths:3 | Noticed a caustic shrike
 69559 | Depths:3 | Noticed a golden dragon
 69707 | Depths:2 | Killed a golden dragon
 69707 | Depths:2 | Received a gift from Okawaru
 69898 | Depths:3 | Noticed a caustic shrike
 69935 | Depths:3 | Killed a caustic shrike
 70018 | Depths:3 | Killed a caustic shrike
 70263 | Depths:3 | Noticed a golden dragon
 70551 | Depths:2 | HP: 3/140 [caustic shrike (16)]
 70551 | Depths:2 | Splashed by a caustic shrike's acid

Skill      XL: |  1  2  3  4  5  6  7  8  9 10 11 12 13 14 15 16 17 18 19 20 21 |
---------------+----------------------------------------------------------------+-----
Dodging        | 1 2 3 4 5 6 7 8 9 10 11 | 11.6
Shields        | 4 5 6 7 8 9 10 11 12 13 14 | 14.6
Fighting       | 4 5 6 8 9 10 12 13 14 15 16 17 | 17.9
Armour         | 4 5 6 7 8 9 10 11 12 13 14 | 14.4
Maces & Flails | 3 4 5 6 8 9 10 12 13 14 15 16 | 16.6
Stealth        | 2 3 4 5 6 7 8 9 |  9.2
Invocations    | 1 |  1.5
Spellcasting   | 1 3 5 6 7 8 9 |  9.6
Evocations     | 1 3 4 5 7 8 9 |  9.3
Short Blades   | 1 3 4 5 6 7 8 9 |  9.0
Unarmed Combat | 5 8 |  8.8

Action                   |  1- 3 |  4- 6 |  7- 9 | 10-12 | 13-15 | 16-18 | 19-21 || total
-------------------------+-------+-------+-------+-------+-------+-------+-------++-------
Melee: Flail             |   102 |   177 |   578 |  1045 |  2974 |  2073 |  1523 ||  8472
       Unarmed           |       |       |       |       |    10 |       |       ||    10
       Dagger            |       |       |       |       |    33 |       |       ||    33
       Demon whip        |       |       |       |       |   107 |       |       ||   107
       Scimitar          |       |       |       |       |       |    97 |       ||    97
Invok: Heroism           |       |       |       |       |     1 |       |     1 ||     2
Evoke: Wand              |       |       |       |       |    13 |     4 |     3 ||    20
       Rod               |       |       |       |       |       |       |     2 ||     2
  Use: Potion            |       |       |     1 |       |     8 |     5 |     2 ||    16
       Scroll            |       |       |     9 |    12 |    23 |    15 |     9 ||    68
 Stab: Sleeping          |       |       |     7 |     5 |    16 |    10 |       ||    38
       Distracted        |       |       |       |     1 |     3 |     5 |     3 ||    12
       Confused          |       |       |       |       |     1 |       |       ||     1
  Eat: Chunk             |     2 |     6 |    18 |    16 |   106 |    26 |     3 ||   177
       Beef jerky        |       |       |       |     2 |       |       |       ||     2
       Pizza             |       |       |       |     2 |       |     3 |     1 ||     6
       Meat ration       |       |       |       |     1 |     1 |     4 |     7 ||    13
       Royal jelly       |       |       |       |       |     2 |     3 |       ||     5
Armor: Scale mail        |    57 |     6 |       |       |    20 |       |       ||    83
       Ring mail         |       |    88 |   262 |   426 |   794 |  1376 |   438 ||  3384
       Chain mail        |       |       |       |    72 |   267 |       |       ||   339
Dodge: Dodged            |    29 |    58 |   246 |   380 |  1231 |  1505 |   512 ||  3961
Block: Shield            |    59 |    79 |   342 |   531 |  1688 |  1839 |   251 ||  4789
       Large shield      |       |       |       |       |       |       |   913 ||   913
       Rpst.: Scimitar   |       |       |       |       |       |    10 |       ||    10
       Flail             |       |       |       |       |       |    59 |   112 ||   171
